AoeStats
← axelinho 123836

Arena

509630717Analyzed
4v4 RM · 3d ago on Sep 27, 2026· 39m 11s· 8 players
Game mode
Random Map
Map size
Large (8 player)
Population
200
Speed
Normal
Resources
Standard
Victory
Conquest
Starting age
Dark Age
Ending age
Imperial Age
RankedLock teamsTeams togetherTeam positionsShared explorationLock speedFull tech treeHidden civsTurbo modeCheats
Victory
Defeat
🇨🇳 Franks · China
1055
+17
🇺🇸 Danes · United States
1030
+18
🇦🇷 Britons · Argentina
1020
+18
🇨🇦 Bohemians · Canada
1006
+19
🇦🇺 Magyars · Australia
1198
-23
🇦🇺 Goths · Australia
1051
-50
🇦🇺 Bulgarians · Australia
1047
-17
🇦🇺 Teutons · Australia
1005
-15
ItsameVolleyo
8:23 Loom
10:30 Feudal Age
16:07 Castle Age
14:27 Scale Mail Armor
14:45 Double-Bit Axe
14:42 Horse Collar
15:48 Man-at-Arms
15:59 Man-at-Arms
18:04 Squires
19:58 Gambesons
20:43 Town Watch
20:59 Arson
24:45 Wheelbarrow
25:44 Hand Cart
32:22 Imperial Age
31:08 Forging
31:13 Chain Mail Armor
33:15 Iron Casting
33:33 Conscription
34:00 Capped Ram
35:23 Elite Jomsviking
36:55 Long Swordsman
37:44 Two-Handed Swordsman
38:57 Gold Mining
38:58 Stone Mining
39:01 Elite Varangian Guard
Big Naturals
12:27 Feudal Age
13:10 Double-Bit Axe
16:14 Castle Age
14:37 Horse Collar
19:22 Chemistry
22:31 Padded Archer Armor
31:35 Imperial Age
32:15 Wagenburg Tactics
32:17 Houfnice
38:07 Leather Archer Armor
axelinho 123836
0:44 Loom
13:19 Feudal Age
14:54 Wheelbarrow
14:06 Double-Bit Axe
14:03 Horse Collar
17:16 Castle Age
15:22 Gold Mining
15:23 Stone Mining
18:27 Bow Saw
18:20 Heavy Plow
20:53 Gold Shaft Mining
22:48 Fletching
22:58 Padded Archer Armor
25:42 Hand Cart
27:27 Bodkin Arrow
29:20 Yeomen
30:40 Leather Archer Armor
35:33 Ballistics
37:54 Imperial Age
1301015563
6:23 Loom
9:39 Feudal Age
14:55 Castle Age
13:45 Double-Bit Axe
22:32 Bow Saw
24:35 Wheelbarrow
26:11 Stone Mining
26:28 Gold Mining
28:02 Gold Shaft Mining
28:10 Scale Barding Armor
28:18 Forging
29:21 Hand Cart
32:00 Imperial Age
29:54 Chain Barding Armor
30:38 Iron Casting
30:14 Husbandry
31:23 Ordonnance Companies
32:06 Cavalier
33:47 Blast Furnace
33:22 Plate Barding Armor
33:00 Chivalry
33:20 Conscription
33:32 Paladin
Aussie War Prince
11:02 Feudal Age
15:13 Castle Age
13:29 Double-Bit Axe
13:44 Horse Collar
18:24 Bow Saw
19:53 Loom
20:31 Town Watch
21:34 Wheelbarrow
21:28 Town Watch
22:36 Heavy Plow
25:06 Hand Cart
24:52 Town Patrol
25:00 Gold Mining
25:01 Stone Mining
27:24 Gold Shaft Mining
30:26 Imperial Age
29:22 Scale Barding Armor
29:42 Bloodlines
29:33 Husbandry
30:52 Chain Barding Armor
30:41 Cavalier
32:02 Conscription
31:11 Elite Magyar Huszar
33:47 Plate Barding Armor
33:03 Fletching
34:01 Corvinian Army
34:03 Recurve Bow
35:25 Bodkin Arrow
Arabian War Prince
12:22 Feudal Age
16:20 Castle Age
14:28 Double-Bit Axe
15:23 Loom
26:38 Horse Collar
31:17 Scale Mail Armor
Issus_
2:22 Loom
11:15 Feudal Age
16:17 Castle Age
18:19 Stone Mining
18:17 Double-Bit Axe
18:44 Horse Collar
23:37 Forging
28:07 Bow Saw
28:00 Heavy Plow
30:18 Anarchy
31:07 Squires
36:36 Imperial Age
34:28 Scale Mail Armor
35:56 Pikeman
37:18 Perfusion
37:46 Conscription
Longbro
11:00 Feudal Age
15:06 Castle Age
13:21 Horse Collar
14:09 Double-Bit Axe
16:17 Bow Saw
18:58 Heavy Plow
23:45 Wheelbarrow
22:57 Town Watch
26:55 Hand Cart
27:23 Loom
31:00 Imperial Age
29:02 Scale Barding Armor
28:58 Scale Mail Armor
29:09 Forging
32:00 Onager
33:07 Elite Konnik
35:34 Chain Mail Armor
35:10 Fletching
36:18 Bodkin Arrow
36:54 Plate Mail Armor
Connection lost

Rejoining the realm…

Still unreachable

The connection could not be restored.

Session expired

The server has moved on; the page needs a fresh start.